 Dungeon Crawl Stone Soup version 0.22-b1-21-g5cfc1688f2 (webtiles) character file.

97 Pisosu the Chopper (level 4, -3/61 HPs)
             Began as a Minotaur Berserker on Aug 6, 2018.
             Was a Believer of Trog.
             Slain by a goblin
             ... wielding a cursed -3 hunting sling
             ... led by Robin
              (5 damage)
             ... on level 2 of the Dungeon.
             The game lasted 00:02:43 (1143 turns).

Pisosu the Chopper (Minotaur Berserker)             Turns: 1143, Time: 00:02:44

Health: -3/61      AC:  5    Str: 28    XL:     4   Next: 42%
Magic:  3/3        EV: 12    Int:  4    God:    Trog [**....]
Gold:   98         SH:  0    Dex:  9    Spells: 3/3 levels left

rFire    . . .     SeeInvis .   a - +0 hand axe
rCold    . . .     Gourm    .   (no shield)
rNeg     . . .     Faith    .   r - +0 ring mail (curse)
rPois    .         Spirit   .   (helmet restricted)
rElec    .         Reflect  .   (no cloak)
rCorr    .         Harm     .   (no gloves)
MR       .....                  (no boots)
Stlth    ..........             (no amulet)
HPRegen  0.20/turn              (no ring)
MPRegen  0.08/turn              (no ring)

@: berserking, very quick
A: retaliatory headbutt, horns 2
a: Berserk, Trog's Hand, Renounce Religion


You were on level 2 of the Dungeon.
You worshipped Trog.
Trog was pleased with you.
You were hungry.

You visited 1 branch of the dungeon, and saw 2 of its levels.

You collected 98 gold pieces.

Inventory:

Hand Weapons
 a - a +0 hand axe (weapon)
Armour
 b - a +0 animal skin
 g - a +0 pair of boots
 j - a +0 pair of gloves
 r - a cursed +0 ring mail (worn)
 s - a +0 pair of gloves
Jewellery
 m - an uncursed ring of magical power {unknown}
Scrolls
 d - 5 scrolls of identify {unknown}
 e - a scroll of fog {unknown}
 f - a scroll of enchant weapon {unknown}
 k - 5 scrolls of teleportation {unknown}
Potions
 h - a potion of agility {unknown}
 i - 2 potions of might {unknown}
 l - a potion of resistance {unknown}
 n - a potion of berserk rage
 o - a potion of curing {unknown}
 p - a potion of degeneration {unknown}
 t - a potion of heal wounds {unknown}
Comestibles
 c - 4 rations
 q - a chunk of flesh


   Skills:
 + Level 4.7 Fighting
 + Level 5.0 Axes
 + Level 2.7 Armour
 + Level 2.7 Dodging


You had 3 spell levels left.
You didn't know any spells.
Your spell library was empty.

Dungeon Overview and Level Annotations

Branches:
Dungeon (2/15)

Altars:

Annotations:
D:2 Robin


Innate Abilities, Weirdness & Mutations

You reflexively headbutt those who attack you in melee.
You have a pair of horns on your head.


Message History

The goblins go into a battle-frenzy!
You hear a shout!
You hit Terence but do no damage.
Terence is almost dead.
Terence barely misses you.
You hit Terence but do no damage. You headbutt Terence.
You kill Terence!
Trog accepts your kill.
Your Axes skill increases to level 5!
You closely miss the goblin. The goblin hits you with a club.
* * * LOW HITPOINT WARNING * * *
You slash the goblin!
You kill the goblin!
Trog accepts your kill.
You slash the goblin!
You kill the goblin!
Trog accepts your kill.
You closely miss the goblin.
The goblin hits you with a hunting sling.
You die...

### #...
#....###################
>.....g.................
......)@........#####.).
...?..#########.# #.##
..... #.#####.#. ....
###.......## ..)
#........... ..
+........... #
#...........
#...........
#...........


You could see a goblin.

Vanquished Creatures
  Terence (D:2)
  A gnoll (D:1)
  An adder (D:2)
  An ooze (D:2)
  A worm (D:2)
  3 dart slugs (D:1)
  2 leopard geckos
  3 bats (D:1)
  2 giant cockroaches
  3 hobgoblins
  3 jackals (D:2)
  5 kobolds (D:1)
  5 frilled lizards
  4 goblins (D:2)
  5 rats
40 creatures vanquished.

Notes
Turn   | Place    | Note
-------+----------+-------------------------------------------
     0 | D:1      | Pisosu the Minotaur Berserker began the quest for the Orb.
     0 | D:1      | Reached XP level 1. HP: 19/19 MP: 0/0
   147 | D:1      | Reached skill level 4 in Axes
   147 | D:1      | Reached XP level 2. HP: 22/27 MP: 1/1
   429 | D:1      | Reached XP level 3. HP: 25/33 MP: 2/2
   715 | D:2      | Reached ** piety under Trog
  1078 | D:2      | Reached XP level 4. HP: 41/41 MP: 3/3
  1125 | D:2      | Noticed Terence
  1138 | D:2      | Noticed Robin
  1141 | D:2      | Killed Terence
  1141 | D:2      | Reached skill level 5 in Axes
  1141 | D:2      | HP: 1/61 [goblin/club[Robin] (6)]
  1143 | D:2      | Slain by a goblin

Skill      XL: |  1  2  3  4 |
---------------+-------------+-----
Axes           | 4 5 |  5.0
Fighting       | 4 |  4.7
Armour         | |  2.7
Dodging        | |  2.7

Action                   |  1- 3 |  4- 6 || total
-------------------------+-------+-------++-------
Melee: Hand axe          |    72 |     7 ||    79
       Headbutt          |    12 |     2 ||    14
Invok: Berserk           |       |     1 ||     1
  Eat: Chunk             |       |     1 ||     1
Armor: Animal skin       |    15 |       ||    15
       Ring mail         |       |     1 ||     1
Dodge: Dodged            |    49 |     7 ||    56
